 Dungeon Crawl Stone Soup version 0.25-a0-294-gea9b1ad (webtiles) character file.

Game seed: 7605328377617281403, levelgen mode: deterministic

121 MrTaco21 the Skirmisher (level 4, 0/42 HPs)
             Began as a Minotaur Fighter on Dec 16, 2019.
             Slain by Crazy Yiuf
             ... wielding a +2 quarterstaff of chaos
              (2 damage)
             ... while petrified by Crazy Yiuf
             ... on level 2 of the Dungeon.
             The game lasted 00:02:53 (1689 turns).

MrTaco21 the Skirmisher (Minotaur Fighter)          Turns: 1689, Time: 00:02:54

Health: 0/42       AC:  6    Str: 22    XL:     4   Next: 77%
Magic:  3/3        EV:  2    Int:  5    God:
Gold:   51         SH:  0    Dex:  9    Spells: 3/3 levels left

rFire    . . .     SeeInvis .   a - +0 trident
rCold    . . .     Gourm    .   c - +0 shield
rNeg     + + +     Faith    .   b - +0 scale mail
rPois    ∞         Spirit   .   (helmet restricted)
rElec    .         Reflect  .   (no cloak)
rCorr    .         Harm     .   (no gloves)
MR       .....                  (no boots)
Stlth    ..........             (no amulet)
HPRegen  0.14/turn              (no ring)
MPRegen  0.08/turn              (no ring)

@: petrified, lightly drained
A: retaliatory headbutt, horns 2
a: no special abilities


You were on level 2 of the Dungeon.
You were not hungry.

You visited 1 branch of the dungeon, and saw 2 of its levels.

You collected 51 gold pieces.

Inventory:

Hand Weapons
 a - a +0 trident (weapon)
Armour
 b - a +0 scale mail (worn)
 c - a +0 shield (worn)
Jewellery
 r - a cursed amulet of inaccuracy {unknown}
   (You found it on level 2 of the Dungeon)
Scrolls
 h - 2 scrolls of amnesia {unknown}
 i - a scroll of identify {unknown}
 l - 2 scrolls of enchant weapon {unknown}
 n - a scroll of magic mapping {unknown}
 o - a scroll of immolation {unknown}
Potions
 d - a potion of might
 f - a potion of brilliance {unknown}
 g - a potion of heal wounds {unknown}
 j - 2 potions of lignification {unknown}
 k - a potion of flight {unknown}
 m - 2 potions of curing {unknown}
 q - a potion of resistance {unknown}
Comestibles
 e - 2 rations {!d}


   Skills:
 + Level 5.4(5.1) Fighting
 + Level 4.6(4.4) Polearms
 - Level 3.6(3.4) Armour
 - Level 3.6(3.4) Shields


You had 3 spell levels left.
You didn't know any spells.
Your spell library was empty.

Dungeon Overview and Level Annotations

Branches:
Dungeon (2/15)

Altars:
Kikubaaqudgha
Xom

Annotations:
D:2 Crazy Yiuf


Innate Abilities, Weirdness & Mutations

You reflexively headbutt those who attack you in melee.
You have a pair of horns on your head.


Message History

Crazy Yiuf shouts!
You open the door.
Crazy Yiuf hits you with a +2 quarterstaff of chaos.
You feel your power leaking away.
You barely miss Crazy Yiuf. Your headbutt misses Crazy Yiuf.
Crazy Yiuf closely misses you.
You barely miss Crazy Yiuf. Your headbutt misses Crazy Yiuf.
Crazy Yiuf hits you but does no damage.
You feel drained.
You barely miss Crazy Yiuf. You block Crazy Yiuf's attack.
You hit Crazy Yiuf. Your headbutt misses Crazy Yiuf.
Crazy Yiuf barely misses you.
You hit Crazy Yiuf but do no damage. You block Crazy Yiuf's attack.
You closely miss Crazy Yiuf.
You headbutt Crazy Yiuf, but do no damage.
Crazy Yiuf hits you but does no damage.
You barely miss Crazy Yiuf.
Crazy Yiuf hits you with a +2 quarterstaff of chaos.
You hit Crazy Yiuf but do no damage. Crazy Yiuf barely misses you.
You hit Crazy Yiuf.
You headbutt Crazy Yiuf, but do no damage.
You block Crazy Yiuf's attack.
You hit Crazy Yiuf but do no damage. You block Crazy Yiuf's attack.
You puncture Crazy Yiuf! You headbutt Crazy Yiuf!
Crazy Yiuf screams, "Lugonu dark infinity!"
Crazy Yiuf hits you with a +2 quarterstaff of chaos.
You are slowing down.
You hit Crazy Yiuf but do no damage. Your headbutt misses Crazy Yiuf.
Crazy Yiuf hits you with a +2 quarterstaff of chaos!
Crazy Yiuf freezes you.
Crazy Yiuf says, "Mugger chair green!"
Crazy Yiuf hits you with a +2 quarterstaff of chaos!
Crazy Yiuf freezes you.
You have turned to stone.
Crazy Yiuf hits you with a +2 quarterstaff of chaos.
Crazy Yiuf burns you.
Crazy Yiuf hits you with a +2 quarterstaff of chaos!
* * * LOW HITPOINT WARNING * * *
Crazy Yiuf burns you.
* * * LOW HITPOINT WARNING * * *
Crazy Yiuf yells, "Lugonu!"
Crazy Yiuf hits you with a +2 quarterstaff of chaos!
* * * LOW HITPOINT WARNING * * *
Crazy Yiuf freezes you!
* * * LOW HITPOINT WARNING * * *
Crazy Yiuf completely misses you.
Crazy Yiuf hits you with a +2 quarterstaff of chaos.
* * * LOW HITPOINT WARNING * * *
You are electrocuted!
* * * LOW HITPOINT WARNING * * *
Crazy Yiuf hits you with a +2 quarterstaff of chaos.
You die...

##.#.##......######..############
...#.##...........##....#.#......
.###.######.......##.####........
.....#### ############ #........
..#.....# #.....###
..#.....####### ##.###.###
..#.........#.### ### #...#.....
..)..........#..##...# ##..#.....
.##.........####@g...# #..#.....
####.##....## ###..)# #........
.....####### ### ##.##.....
.##### #......... .#####
#..#.....# .....# ##########
##.>......# ####.#
#........######.###.....# ##...#
#........##.....# #.....#
....#####........##.##### #.....#


You could see Crazy Yiuf.

Vanquished Creatures
  Natasha (twice) (D:2)
  2 adders (D:2)
  4 dart slugs
  A leopard gecko (D:1)
  A giant cockroach (D:2)
  4 goblins (D:1)
  9 hobgoblins
  2 quokkas (D:2)
  A ball python (D:1)
  10 bats
  2 frilled lizards (D:1)
  3 kobolds
  5 rats
46 creatures vanquished.

Notes
Turn   | Place    | Note
-------+----------+-------------------------------------------
     0 | D:1      | MrTaco21 the Minotaur Fighter began the quest for the Orb.
     0 | D:1      | Reached XP level 1. HP: 19/19 MP: 0/0
   229 | D:1      | Reached skill level 4 in Fighting
   229 | D:1      | Reached XP level 2. HP: 27/27 MP: 1/1
   242 | D:1      | Found a shattered altar of Ashenzari.
   244 | D:1      | Found a shimmering altar of Xom.
   244 | D:1      | Found a burning altar of Makhleb.
   249 | D:1      | Found an ancient bone altar of Kikubaaqudgha.
   249 | D:1      | Found a shimmering altar of Xom.
   249 | D:1      | Found an iron altar of Okawaru.
   545 | D:1      | Reached XP level 3. HP: 34/34 MP: 2/2
   781 | D:2      | Noticed Natasha
   796 | D:2      | Killed Natasha
   962 | D:2      | Reached XP level 4. HP: 39/41 MP: 3/3
   975 | D:2      | Reached skill level 5 in Fighting
  1077 | D:2      | Noticed Natasha
  1084 | D:2      | Killed Natasha
  1161 | D:2      | Found a runed translucent door.
  1162 | D:2      | Noticed Crazy Yiuf
  1688 | D:2      | HP: 2/42 [Crazy Yiuf/+2 quarterstaff of chaos (7)]
  1689 | D:2      | Slain by Crazy Yiuf

Levels and vault maps discovered:
D:1:      dpeg_arrival_simpleton_b, layout_basic, doesnt_xom_only_xom
D:2:      layout_basic, patterned_corridor, uniq_crazy_yiuf_cottage,
          uniq_natasha

Skill      XL: |  1  2  3  4 |
---------------+-------------+-----
Fighting       | 4 5 |  5.4
Polearms       | 3 4 |  4.6
Armour         | |  3.6
Shields        | |  3.6

Action                   |  1- 3 |  4- 6 || total
-------------------------+-------+-------++-------
Melee: Trident           |    94 |    48 ||   142
       Headbutt          |     4 |     4 ||     8
  Eat: Chunk             |       |     3 ||     3
Armor: Scale mail        |    24 |    17 ||    41
Dodge: Dodged            |    24 |     8 ||    32
Block: Shield            |    37 |    14 ||    51

Table legend:
 A = Non-vault XP
 B = Vault XP
 C = Vault XP percentage of total XP
 D = Non-vault monster count
 E = Vault monster count
 F = Vault count percentage of total count
                 A         B        C        D         E       F
            +---------+---------+-------+---------+---------+-------
      Total |     139 |      35 |  20.1 |      45 |       1 |   2.2
            +---------+---------+-------+---------+---------+-------
        D:1 |      53 |       0 |   0.0 |      27 |       0 |   0.0
        D:2 |      86 |      35 |  28.9 |      18 |       1 |   5.3
            +---------+---------+-------+---------+---------+-------
